 Dungeon Crawl Stone Soup version 0.30-a0-341-g682706514a (webtiles) character file.

Game seed: 14252557023060851543

3264 Lanoc the Earth Mage (level 10, -3/52 HPs)
             Began as a Gargoyle Earth Elementalist on Nov 5, 2022.
             Was a Priest of Qazlal.
             Slain by a wyvern (5 damage)
             ... on level 7 of the Dungeon.
             The game lasted 00:13:13 (6934 turns).

Lanoc the Earth Mage (Gargoyle Earth Elementalist)  Turns: 6934, Time: 00:13:14

Health: -3/52      AC: 15    Str: 12    XL:     10   Next: 0%
Magic:  7/13       EV: 12    Int: 20    God:    Qazlal [***...]
Gold:   456        SH:  4    Dex: 10    Spells: 6/13 levels left

rFire   . . .      SeeInvis .    v - +2 dagger (distort)
rCold   . . .      Faith    .    (no shield)
rNeg    + . .      Spirit   .    q - +0 steam dragon scales
rPois   ∞          Reflect  .    (no helmet)
rElec   +          Harm     .    (no cloak)
rCorr   .          Rampage  .    n - +2 pair of gloves
Will    .....                    (no boots)
Stlth   +.........               (no amulet)
HPRegen 0.28/turn                (no ring)
MPRegen 0.13/turn                (no ring)

@: no status effects
A: sickness immunity, AC +7, negative energy resistance 1, electricity
resistance, torment resistance 1, petrification resistance
a: Renounce Religion, Upheaval, Elemental Force


You were on level 7 of the Dungeon.
You worshipped Qazlal.
Qazlal was most pleased with you.
You visited 2 branches of the dungeon, and saw 10 of its levels.
You also visited: Sewer.

You collected 456 gold pieces.

Inventory:

Hand Weapons
 v - a +2 dagger of distortion (weapon)
Armour
 n - a +2 pair of gloves (worn)
 q - +0 steam dragon scales (worn)
 B - an orb of energy
Wands
 C - a wand of roots (13)
Scrolls
 a - a scroll of magic mapping
 e - a scroll of blinking
 f - 3 scrolls of fear
 j - a scroll of vulnerability
 k - a scroll of enchant armour
 m - a scroll of teleportation
 o - 3 scrolls of poison
 r - a scroll of enchant weapon {unknown}
 w - a scroll of fog {unknown}
 y - a scroll of amnesia {unknown}
Potions
 b - 2 potions of magic
 c - 2 potions of curing
 d - a potion of mutation
 g - a potion of attraction {unknown}
 h - a potion of heal wounds {unknown}
 i - 3 potions of cancellation {unknown}
 l - a potion of might
 p - 4 potions of berserk rage {unknown}
 s - 2 potions of degeneration {unknown}
 t - a potion of lignification {unknown}
 u - 4 potions of brilliance {unknown}
 x - 2 potions of flight
 z - a potion of haste
 A - a potion of invisibility {unknown}


   Skills:
 + Level 1.1 Fighting
 + Level 1.9 Dodging
 - Level 2.1 Stealth
 + Level 2.2 Spellcasting
 - Level 0.7 Transmutations
 * Level 16.1 Earth Magic


You had 6 spell levels left.
You knew the following spells:

 Your Spells              Type           Power      Damage    Failure   Level
a - Sandblast             Erth           100%       2d20      1%          1
b - Passwall              Tmut/Erth      30%        N/A       1%          2
c - Petrify               Tmut/Erth      36%        N/A       4%          4

Your spell library contained the following spells:

 Spells                   Type           Power      Damage    Failure   Level
 Stone Arrow              Conj/Erth      68%        3d11      1%          3
 Sting                    Tmut/Pois      12%        1d3       13%         1
 Magic Dart               Conj           8%         1d3       16%         1
 Call Imp                 Summ           2%         N/A       24%         2
 Poisonous Vapours        Pois/Air       4%         N/A       24%         2
 Static Discharge         Conj/Air       4%         2-3/arc   24%         2
 Gell's Gravitas          Tloc           2%         N/A       43%         3
 Mephitic Cloud           Conj/Pois/Air  2%         N/A       43%         3
 Teleport Other           Tloc           2%         N/A       43%         3
 Vhi's Electric Charge    Tloc/Air       4%         N/A       43%         3
 Olgreb's Toxic Radiance  Pois           2%         N/A       83%         4
 Arcjolt                  Conj/Air       1%         1d11      99%         5
 Lightning Bolt           Conj/Air       1%         1d12      99%         5
 Dispersal                Tloc           1%         N/A       100%        6


Dungeon Overview and Level Annotations

Branches:
Dungeon (9/15)             Temple (1/1) D:7           Sewer (visited)
   Lair: D:8-11         Orc: D:9-12

Altars:
Ashenzari
Cheibriados
Dithmenos
Elyvilon
Kikubaaqudgha
Makhleb
Nemelex Xobeh
Okawaru
Qazlal
Ru
Trog
Uskayaw
Vehumet
Xom
Yredelemnul
Zin
The Shining One

Shops:
D:4 :

Annotations:
D:4 Lanoc's ghost, amateur BaIE
D:7 Joseph


Innate Abilities, Weirdness & Mutations

You are immune to sickness and miasma.
Your stone body is resilient. (AC +7)
You are immune to poison.
You resist negative energy. (rN+)
You are resistant to electric shocks. (rElec)
You are resistant to unholy torment.
You are immune to petrification.


Message History

Press: ? - help, Shift-Dir - straight line, f/p - Joseph
Aim: Joseph, wielding a +0 sling and wearing a +0 ring mail (lightly wounded, 87% to hit)
The blast of sand hits Joseph!
Joseph is moderately wounded.
Joseph shoots a sling bullet.
The sling bullet hits you!
Casting: Sandblast (safe; 1% risk of failure)
Confirm with . or Enter, or press ? or * to list all spells.
Aiming: Sandblast (safe; 1% risk of failure)
Press: ? - help, Shift-Dir - straight line, f/p - Joseph
Aim: Joseph, wielding a +0 sling and wearing a +0 ring mail (moderately wounded, 87% to hit)
The blast of sand hits Joseph!!
Joseph is severely wounded.
The wyvern bites you!
Joseph shoots a sling bullet.
The sling bullet hits you but does no damage.
Casting: Sandblast (safe; 1% risk of failure)
Confirm with . or Enter, or press ? or * to list all spells.
Aiming: Sandblast (safe; 1% risk of failure)
Press: ? - help, Shift-Dir - straight line, f/p - Joseph
Aim: Joseph, wielding a +0 sling and wearing a +0 ring mail (severely wounded, 87% to hit)
The blast of sand hits Joseph!
Joseph is almost dead.
The wyvern bites you.
Joseph shoots a sling bullet.
The sling bullet hits you! The wyvern closely misses you.
Casting: Sandblast (safe; 1% risk of failure)
Confirm with . or Enter, or press ? or * to list all spells.
Aiming: Sandblast (safe; 1% risk of failure)
Press: ? - help, Shift-Dir - straight line, f/p - Joseph
Aim: Joseph, wielding a +0 sling and wearing a +0 ring mail (almost dead, 87% to hit)
The blast of sand misses Joseph.
The wyvern closely misses you.
Joseph says, "It's nothing personal, but I have to kill you."
Joseph shoots a sling bullet.
The sling bullet hits you.
* * * LOW HITPOINT WARNING * * *
The wyvern bites you but does no damage.
Joseph shoots a sling bullet.
The sling bullet hits you!
* * * LOW HITPOINT WARNING * * *
Okay, then.
You are too injured to fight recklessly!
The wyvern bites you but does no damage.
The wyvern bites you.
You die...

#..# #..# ##
...... #. #..#.
.. #..@ .# #..#
. #°.# #. #)○# #
.#.##.##@l#.###
......./.$......
#######>.######.
.#######..#
..........##
########...#
#.## #.###.##
#...# #.# ).#
#..... #.###.>#


You could see Joseph and a wyvern.

Vanquished Creatures
  A hornet (D:8)
  A wyvern (D:8)
  A steam dragon (D:6)
  2 black bears (D:5)
  A sky beast (D:6)
  2 ice beasts
  An ogre (D:5)
  A centaur (D:7)
  3 kobold brigands
  2 bullfrogs (D:7)
  A gnoll sergeant (D:5)
  7 scorpions
  3 necrophages
  A howler monkey (D:6)
  5 jellies
  2 orc priests
  5 hounds
  3 gnoll boudas (D:5)
  5 iguanas
  A water moccasin simulacrum (D:4)
  Jessica (D:3)
  4 orc wizards
  12 adders
  7 gnolls
  5 river rats
  A hound simulacrum (D:4)
  2 shadow imps
  2 white imps
  An ufetubus (D:3)
  8 worms
  3 dart slugs
  2 adder simulacra (D:4)
  19 orcs
  12 ball pythons
  7 endoplasms
  2 giant cockroaches
  4 hobgoblins
  7 jackals
  27 kobolds
  3 quokkas
  5 bats
  3 frilled lizards
  5 goblins
  25 rats
215 creatures vanquished.

Notes
Turn   | Place    | Note
-------+----------+-------------------------------------------
     0 | D:1      | Lanoc the Gargoyle Earth Elementalist began the quest for
                  | the Orb.
     0 | D:1      | Reached XP level 1. HP: 10/10 MP: 3/3
   110 | D:1      | Reached skill level 4 in Earth Magic
   176 | D:1      | Reached XP level 2. HP: 15/15 MP: 3/5
   479 | D:1      | Reached XP level 3. HP: 19/19 MP: 4/6
   526 | D:1      | Reached skill level 5 in Earth Magic
  1081 | D:2      | Learned a level 2 spell: Passwall
  1565 | D:2      | Reached XP level 4. HP: 24/24 MP: 4/7
  1567 | D:2      | Reached skill level 6 in Earth Magic
  1976 | D:3      | Noticed Jessica
  1979 | D:3      | Killed Jessica
  1980 | D:3      | Reached XP level 5. HP: 28/28 MP: 4/8
  1985 | D:3      | Reached skill level 7 in Earth Magic
  2212 | D:3      | Found a stormy altar of Qazlal.
  2220 | D:3      | Became a worshipper of Qazlal Stormbringer
  2315 | D:3      | Reached XP level 6. HP: 32/32 MP: 7/9
  2353 | D:3      | Found a shadowy altar of Dithmenos.
  2644 | D:4      | Found a runed translucent gate.
  2646 | D:4      | Found a runed translucent gate.
  2647 | D:4      | Found a runed translucent gate.
  2695 | D:4      | Reached skill level 8 in Earth Magic
  2866 | D:4      | Found Noivien's Book Shop.
  2893 | D:4      | Identified the +0 pair of gloves "Duleyh" {Stlth+}
  3165 | D:4      | Noticed Lanoc's ghost (amateur BaIE)
  3349 | D:4      | Reached skill level 9 in Earth Magic
  3406 | D:5      | Entered Level 5 of the Dungeon
  3425 | D:5      | Reached XP level 7. HP: 36/36 MP: 8/10
  3501 | D:5      | Reached * piety under Qazlal
  3578 | D:5      | Found a glowing drain.
  3584 | Sewer    | Entered a sewer
  3731 | Sewer    | Reached skill level 10 in Earth Magic
  3885 | Sewer    | Reached ** piety under Qazlal
  4276 | D:5      | Reached skill level 11 in Earth Magic
  4305 | D:5      | Reached XP level 8. HP: 41/41 MP: 9/11
  4821 | D:5      | Reached skill level 12 in Earth Magic
  4993 | D:5      | Reached skill level 13 in Earth Magic
  4997 | D:5      | Reached XP level 9. HP: 22/45 MP: 5/12
  5118 | D:5      | Found a shimmering altar of Xom.
  5127 | D:5      | Found a sacrificial altar of Ru.
  5741 | D:6      | Reached *** piety under Qazlal
  5763 | D:6      | Reached skill level 14 in Earth Magic
  6120 | D:6      | You fall into a shaft and drop 3 floors!
  6170 | D:8      | Noticed a hornet
  6174 | D:8      | Killed a hornet
  6175 | D:8      | Reached skill level 15 in Earth Magic
  6389 | D:6      | Reached skill level 16 in Earth Magic
  6492 | D:6      | Learned a level 4 spell: Petrify
  6557 | D:6      | Found a basalt altar of Yredelemnul.
  6891 | D:7      | Found a staircase to the Ecumenical Temple.
  6897 | Temple   | Entered the Ecumenical Temple
  6911 | D:7      | Reached skill level 1 in Fighting
  6911 | D:7      | Reached XP level 10. HP: 52/52 MP: 11/13
  6924 | D:7      | Noticed Joseph
  6933 | D:7      | HP: 2/52 [Joseph/sling bullet (12)]
  6934 | D:7      | Slain by a wyvern

Illustrated notes

Levels and vault maps discovered:
D:1:      minmay_arrival_stair_chambers, layout_basic
D:2:      layout_basic, minmay_hexomino_u4
D:3:      layout_basic, nicolae_dithmenos_shadow_blocks, grunt_qazlal_sundering,
          uniq_jessica
D:4:      layout_rooms, serial_shops, nicolae_take_the_stairs,
          gammafunk_ghost_icy
D:5:      cheibrodos_barr_body, layout_layer_cave, mainiacjoe_overflow_swirl,
          lightli_sewer_entry_pipes
D:6:      minmay_diamond_boxcup, layout_cave_pools, amcnicky_altar_gilded,
          grunt_ministairs_9, minmay_unpleasant_kobolds
D:7:      layout_loops_ring, temple_green, corexii_hall_statues_i, uniq_joseph
D:8:      layout_loops_cross, mainiacjoe_overflow_surrounded_room,
          erik_lair_orcish_takeover
D:9:      layout_gridville, kb_rosetta, uniq_maurice
Temple:   nicolae_temple_x_marks_the_god

Skill      XL: |  1  2  3  4  5  6  7  8  9 |
---------------+----------------------------+-----
Earth Magic    | 4 5 6 7 9 11 13 16 | 16.1
Fighting       | 1 |  1.1
Dodging        | |  1.9
Stealth        | |  2.1
Spellcasting   | |  2.2
Transmutations | |  0.7

Action                   |  1- 3 |  4- 6 |  7- 9 | 10-12 || total
-------------------------+-------+-------+-------+-------++-------
Melee: Unarmed           |    27 |    34 |       |       ||    61
       Dagger            |       |       |    12 |       ||    12
 Cast: Sandblast         |    44 |    81 |   182 |     7 ||   314
  Use: Scroll            |       |    11 |     4 |       ||    15
Armor: Robe              |    23 |    23 |    52 |       ||    98
       Steam dragon scal |       |       |     9 |     4 ||    13
Dodge: Dodged            |    30 |    41 |    62 |     5 ||   138
Block: Other             |       |       |    13 |     1 ||    14

Table legend: (Time is in decaauts)
 A = Elapsed time spent in this place.
 B = Non-inter-level travel time spent in this place.
 C = Inter-level travel time spent in this place.
 D = Time resting spent in this place.
 E = Time spent auto-exploring this place.
 F = Levels seen in this place.
 G = Mean time per level.
                   A        B        C        D        E       F      G
               +--------+--------+--------+--------+--------+-----+--------+
         Total |   7132 |   6831 |    301 |     99 |   5390 |  11 |  648.4 |
       Dungeon |   6514 |   6213 |    301 |     99 |   4944 |   9 |  723.8 |
        Temple |      1 |      1 |      0 |      0 |      0 |   1 |    1.0 |
         Sewer |    616 |    616 |      0 |      0 |    446 |   1 |  616.0 |
               +--------+--------+--------+--------+--------+-----+--------+

Top non-repeatable levels by time:
     D:5: 1800 daAuts
     D:1: 1013 daAuts
     D:2: 992 daAuts
     D:6: 782 daAuts
     D:3: 741 daAuts
     D:4: 719 daAuts
   Sewer: 616 daAuts
     D:7: 344 daAuts
     D:8: 77 daAuts
     D:9: 41 daAuts
  Temple: 1 daAuts
